12 | 0:00 | SCV | |
13 | 0:12 | SCV | |
14 | 0:17 | Supply Depot | |
14 | 0:25 | SCV | |
15 | 0:39 | SCV | |
16 | 0:43 | Barracks | |
16 | 0:46 | Refinery | |
16 | 0:51 | SCV | |
17 | 1:03 | SCV | |
18 | 1:15 | SCV | |
19 | 1:34 | Orbital Command | |
19 | 1:36 | Reaper | |
20 | 1:45 | Command Center | |
20 | 2:00 | SCV | |
21 | 2:08 | Marine | |
21 | 2:13 | SCV | |
23 | 2:15 | Supply Depot | |
23 | 2:21 | Factory | |
23 | 2:31 | Barracks Reactor | |
23 | 2:37 | SCV | |
24 | 2:49 | Command Center, SCV | |
25 | 2:59 | Orbital Command | |
25 | 3:02 | SCV | |
26 | 3:09 | Refinery | |
26 | 3:17 | SCV | |
27 | 3:22 | Barracks Reactor | |
27 | 3:24 | Hellion x2 | |
27 | 3:25 | SCV | |
32 | 3:29 | SCV | |
33 | 3:40 | SCV | |
33 | 3:41 | Starport | |
34 | 3:44 | SCV | |
34 | 3:45 | Hellion x2 | |
39 | 3:52 | SCV | |
40 | 3:56 | SCV | |
40 | 4:01 | Supply Depot | |
41 | 4:04 | SCV | |
41 | 4:05 | Orbital Command | |
41 | 4:06 | Supply Depot | |
41 | 4:08 | SCV | |
38 | 4:39 | SCV | |
38 | 4:40 | SCV x2 | |
38 | 4:42 | Marine | |
38 | 4:43 | Marine | |
38 | 4:45 | Liberator | |
46 | 4:51 | Fusion Core, Refinery, SCV | |
46 | 4:52 | Refinery, SCV x2 | |
49 | 4:58 | Supply Depot | |
49 | 4:59 | Supply Depot | |
49 | 5:00 | Supply Depot | |
49 | 5:04 | SCV x3 | |
49 | 5:06 | Marine | |
49 | 5:07 | Marine | |
53 | 5:08 | Widow Mine x2 | |
58 | 5:16 | SCV x3 | |
61 | 5:24 | Marine x2 | |
61 | 5:28 | SCV x3 | |
65 | 5:33 | Widow Mine x2 | |
70 | 5:37 | Starport Tech Lab | |
70 | 5:40 | SCV x3 | |
70 | 5:42 | Marine x2 | |
75 | 5:52 | SCV x2 | |
75 | 5:53 | SCV | |
75 | 5:55 | Weapon Refit | |
78 | 5:57 | Battlecruiser | |
78 | 6:00 | Marine x2 | |
86 | 6:04 | SCV x2 | |
88 | 6:16 | SCV x2 | |
88 | 6:17 | SCV | |
88 | 6:18 | Marine x2 | |
93 | 6:19 | Widow Mine | |
93 | 6:20 | Widow Mine | |
97 | 6:28 | SCV x2 | |
97 | 6:29 | SCV | |
100 | 6:35 | Marine | |
101 | 6:55 | Marine x2, Starport, SCV x2 | |
101 | 6:56 | Widow Mine | |
101 | 6:57 | Command Center | |
107 | 7:03 | Orbital Command | |
107 | 7:05 | Widow Mine | |
107 | 7:06 | Battlecruiser | |
107 | 7:08 | SCV x2 | |
117 | 7:13 | Barracks | |
117 | 7:14 | Barracks | |
117 | 7:40 | Starport Tech Lab | |
117 | 7:56 | Supply Depot | |
117 | 7:57 | Supply Depot | |
117 | 7:59 | Supply Depot x2 | |
117 | 8:02 | Supply Depot | |
117 | 8:05 | Barracks Tech Lab x2 | |
117 | 8:08 | Marine x2, Battlecruiser, SCV x3 | |
117 | 8:09 | Hellion x2 | |
132 | 8:13 | Factory | |
132 | 8:18 | Battlecruiser | |
138 | 8:20 | SCV x3 | |
138 | 8:24 | Marine x2 | |
138 | 8:26 | Stimpack, Marine x2, Combat Shield | |
145 | 8:29 | Engineering Bay | |
145 | 8:32 | SCV x3 | |
145 | 8:33 | Engineering Bay, Armory | |
148 | 8:41 | Refinery | |
148 | 8:42 | Refinery, Marine | |
148 | 8:44 | Marine x3 | |
148 | 8:45 | SCV | |
153 | 8:49 | Orbital Command | |
153 | 8:58 | Refinery | |
153 | 8:59 | Terran Infantry Armor Level 1, Marine | |
153 | 9:00 | Armory | |
153 | 9:01 | Refinery, Command Center, Terran Infantry Weapons Level 1 | |
154 | 9:04 | Command Center | |
154 | 9:07 | Factory Tech Lab | |
154 | 9:08 | Marine x3 | |
157 | 9:15 | Battlecruiser | |
163 | 9:17 | Marine | |
163 | 9:19 | Widow Mine x2 | |
163 | 9:23 | Barracks | |
168 | 9:24 | Barracks | |
168 | 9:25 | Supply Depot, Marine | |
168 | 9:26 | Marine x2 | |
168 | 9:28 | Supply Depot, Terran Ship Weapons Level 1 | |
171 | 9:33 | SCV | |
172 | 9:47 | SCV x4 | |
159 | 9:56 | Marine x2 | |
159 | 9:57 | Marine x2 | |
159 | 9:58 | Battlecruiser | |
159 | 9:59 | Siege Tank, Widow Mine x2 | |
151 | 10:14 | Marine x3 | |
151 | 10:15 | Marine | |
151 | 10:19 | Orbital Command | |
151 | 10:20 | SCV x2 | |
151 | 10:21 | SCV x2 | |
158 | 10:22 | Battlecruiser | |
161 | 10:32 | Marine x3, SCV | |
147 | 10:37 | Marine | |
132 | 10:44 | Widow Mine x3 | |
134 | 10:50 | Marine x3 | |
134 | 10:53 | SCV x5 | |
132 | 10:57 | Marine | |
129 | 11:05 | Battlecruiser, Widow Mine | |
129 | 11:07 | Marine | |
129 | 11:08 | Marine | |
139 | 11:14 | Missile Turret | |
139 | 11:16 | Missile Turret | |
139 | 11:17 | Missile Turret, Widow Mine x2 | |
142 | 11:18 | Missile Turret | |
142 | 11:21 | SCV x4 | |
142 | 11:24 | Sensor Tower | |
146 | 11:26 | Widow Mine | |
146 | 11:30 | Marine | |
146 | 11:31 | Marine x3 | |
152 | 11:33 | SCV x4 | |
152 | 11:35 | Factory, Barracks Reactor | |
152 | 11:36 | Barracks Reactor | |
152 | 11:38 | Widow Mine | |
158 | 11:41 | Battlecruiser | |
164 | 11:48 | Marine | |
164 | 11:49 | SCV x4 | |
169 | 12:01 | Marine x3, SCV x4 | |
172 | 12:03 | Siege Tank, Widow Mine | |
172 | 12:04 | Widow Mine | |
172 | 12:06 | Drilling Claws | |
183 | 12:10 | Terran Ship Weapons Level 2 | |
183 | 12:13 | SCV x4 | |
183 | 12:15 | Marine x5, Terran Vehicle Weapons Level 1 | |
189 | 12:18 | Marine x2 | |
194 | 12:23 | Command Center | |
194 | 12:25 | SCV x2 | |
194 | 12:26 | Sensor Tower, Factory Tech Lab | |
194 | 12:27 | Widow Mine x2 | |
200 | 12:57 | Planetary Fortress | |
200 | 13:03 | Refinery x2 | |
200 | 13:24 | Infernal Pre-Igniter | |
200 | 13:25 | Terran Infantry Armor Level 2, Terran Infantry Weapons Level 2 | |
194 | 13:30 | Ghost Academy | |
194 | 13:34 | Thor | |
194 | 13:36 | Barracks | |
194 | 13:39 | Barracks x2 | |
200 | 13:45 | Command Center | |
200 | 13:47 | Planetary Fortress | |
200 | 13:56 | Command Center, Planetary Fortress | |
200 | 14:12 | Missile Turret | |
200 | 14:14 | Missile Turret x2 | |
200 | 14:26 | Factory | |
200 | 14:31 | Thor | |
200 | 14:51 | Marine x3 | |
200 | 14:52 | Marine x5 | |
181 | 14:53 | Thor | |
181 | 14:54 | Widow Mine x2 | |
191 | 15:09 | Marine x2 | |
191 | 15:12 | Marine x3 | |
191 | 15:13 | Marine x2 | |
198 | 15:20 | Planetary Fortress | |
198 | 15:32 | Planetary Fortress | |
198 | 15:39 | Terran Ship Weapons Level 3 | |
198 | 15:40 | Terran Vehicle And Ship Armor Level 1 | |
198 | 15:43 | Terran Infantry Armor Level 3, Marine x2, Terran Infantry Weapons Level 3 | |
198 | 15:45 | Barracks Tech Lab | |
198 | 15:46 | Barracks Reactor x2 | |
197 | 16:07 | Marine | |
197 | 16:08 | Marine x2 | |
195 | 16:39 | Medivac x2 | |
198 | 16:53 | Marine | |
198 | 16:54 | Marine x4 | |
188 | 16:58 | Marine x3 | |
182 | 17:04 | Siege Tank x2 | |
182 | 17:05 | Widow Mine x2 | |
189 | 17:09 | Viking | |
189 | 17:15 | Marine x5 | |
161 | 17:16 | Marine x5 | |
161 | 17:17 | Marine x3 | |
154 | 17:26 | Hellion | |
156 | 17:32 | Factory Reactor | |
156 | 17:33 | Marine x4, Terran Vehicle Weapons Level 2 | |
156 | 17:36 | Thor, Battlecruiser | |
160 | 17:56 | Marine x6 | |
160 | 17:57 | Marine x5 | |
160 | 17:58 | Marine | |
172 | 18:01 | Battlecruiser | |
172 | 18:02 | Thor | |
172 | 18:03 | Marine, Widow Mine x2 | |
189 | 18:14 | Marine x5, Widow Mine x2 | |
189 | 18:19 | Siege Tank | |
193 | 18:24 | Widow Mine | |
193 | 18:26 | Neosteel Armor, Hi-Sec Auto Tracking | |
195 | 18:27 | Terran Vehicle And Ship Armor Level 2 | |
195 | 18:29 | Ghost x2, Starport | |
199 | 18:36 | Starport | |
199 | 18:37 | Starport | |
199 | 18:41 | Refinery x2, Starport | |
199 | 18:43 | Command Center x2 | |
197 | 18:52 | Marine x2 | |
197 | 18:53 | Marine x6 | |
197 | 18:54 | Marine x3 | |
199 | 18:58 | Widow Mine x2 | |
193 | 19:36 | Ghost x3 | |
193 | 19:37 | Marine | |
200 | 19:50 | Starport Tech Lab | |
200 | 19:51 | Starport Tech Lab, Starport Reactor | |
200 | 19:54 | Terran Vehicle Weapons Level 3 | |
200 | 19:56 | Command Center | |
200 | 19:57 | Starport Tech Lab, Command Center | |
200 | 19:58 | Command Center | |
200 | 20:01 | Advanced Ballistics | |
200 | 20:14 | Starport Tech Lab | |
200 | 20:40 | Command Center | |
200 | 20:53 | Terran Vehicle And Ship Armor Level 3 | |
200 | 21:04 | Personal Cloaking | |
200 | 21:13 | Caduceus Reactor | |
170 | 21:35 | Marine x4 | |
170 | 21:36 | Marine x6 | |
170 | 21:37 | Marine x2 | |
170 | 21:38 | Battlecruiser x3 | |
170 | 21:39 | Battlecruiser x2 | |
195 | 21:40 | Liberator | |
195 | 21:43 | Marine | |
199 | 22:10 | Marine | |
199 | 22:13 | Command Center x2 | |
199 | 22:14 | Command Center | |
200 | 22:30 | Nuke | |
200 | 22:32 | Thor | |
194 | 22:42 | Command Center | |
194 | 22:44 | Sensor Tower | |
194 | 22:45 | Command Center | |
194 | 22:49 | Missile Turret, Planetary Fortress | |
194 | 22:52 | Refinery | |
194 | 22:53 | Refinery | |
194 | 22:54 | Battlecruiser | |
199 | 23:10 | Missile Turret | |
192 | 23:18 | Battlecruiser x3 | |
192 | 23:19 | Marine x2 | |
194 | 23:31 | Missile Turret | |
187 | 23:34 | Marine x5 | |
187 | 23:35 | Marine x2 | |
187 | 23:36 | Marine x2 | |
187 | 23:38 | Thor, Viking | |
187 | 23:40 | Widow Mine x2 | |
177 | 23:52 | Missile Turret | |
177 | 23:53 | Marine x5 | |
177 | 23:54 | Marine | |
170 | 24:02 | Marine x3 | |
170 | 24:03 | Marine | |
172 | 24:14 | Marine x6 | |
172 | 24:15 | Marine x2 | |
180 | 24:23 | Hellion | |
182 | 24:35 | Orbital Command | |
182 | 24:39 | Orbital Command | |
182 | 24:43 | Orbital Command | |
182 | 24:44 | Planetary Fortress | |
182 | 24:52 | SCV x4 | |
185 | 24:53 | SCV x2 | |
185 | 24:55 | SCV x2 | |
185 | 24:56 | SCV | |
191 | 25:04 | SCV | |
191 | 25:05 | Battlecruiser, SCV | |
199 | 25:07 | Refinery | |
199 | 25:09 | Refinery | |
199 | 25:19 | Marine | |
200 | 25:23 | Liberator | |
200 | 25:24 | Liberator x2 | |
200 | 25:25 | Liberator | |
193 | 25:38 | Thor | |
193 | 25:41 | Hellion x4 | |
193 | 25:42 | Hellion | |
191 | 25:55 | Viking x2 | |
193 | 25:59 | Marine x5 | |
193 | 26:00 | Marine x2 | |
200 | 26:31 | Marine | |
172 | 26:33 | Marine x3 | |
172 | 26:34 | Marine x7 | |
172 | 26:35 | Marine | |
176 | 26:43 | Marine | |
175 | 26:48 | Viking x5 | |
175 | 26:49 | Viking x2, Marine | |
175 | 26:51 | Marine x4 | |
175 | 26:52 | Marine | |
185 | 26:59 | Marine x3 | |
178 | 27:04 | Marine x4 | |
178 | 27:07 | Marine | |
152 | 27:09 | Marine x4 | |
152 | 27:14 | Marine | |
129 | 27:18 | Viking | |
130 | 27:26 | Marine x3 | |
125 | 27:35 | Widow Mine | |
106 | 27:47 | Marine x2 | |
106 | 27:50 | Viking | |
110 | 27:56 | Marine x2 | |
110 | 27:57 | Marine | |
113 | 28:05 | Planetary Fortress | |
113 | 28:10 | SCV x3 | |
113 | 28:12 | SCV | |
117 | 28:16 | SCV x3 | |
120 | 28:23 | Medivac x3 | |
120 | 28:26 | Hellion | |
130 | 28:27 | Hellion | |
130 | 28:29 | Hellion | |
130 | 28:30 | Hellion | |
130 | 28:32 | Hellion | |
136 | 28:34 | Hellion | |
136 | 28:37 | Liberator | |
121 | 29:03 | Hellion x4 | |
121 | 29:04 | Hellion x2 | |
121 | 29:09 | Liberator x3 | |
125 | 29:27 | Orbital Command | |
101 | 29:51 | SCV x7 | |
101 | 29:52 | SCV | |
109 | 30:03 | SCV x7 | |
109 | 30:04 | SCV | |
117 | 30:13 | Liberator | |
120 | 30:15 | Marine, SCV x5 | |
120 | 30:16 | SCV x3 | |
129 | 30:28 | Marine x4 | |
129 | 30:29 | Marine x5 | |
129 | 30:34 | Orbital Command | |
96 | 30:50 | Viking x2 | |
96 | 30:55 | Marine x6 | |
96 | 30:56 | Marine x2 | |
108 | 31:01 | Marine x2 | |
110 | 31:14 | Refinery | |
110 | 31:23 | Marine x5 | |
110 | 31:24 | Marine | |
113 | 31:40 | Liberator | |
116 | 31:48 | Ghost | |
116 | 31:50 | Marine x2 | |
116 | 31:51 | Marine x5 | |
125 | 31:56 | Refinery | |
123 | 32:12 | Siege Tank | |
123 | 32:14 | Marine x3 | |
123 | 32:15 | Marine x2 | |
131 | 32:21 | Liberator | |
134 | 32:33 | Liberator | |
137 | 32:51 | Ghost x2 | |
121 | 33:16 | Liberator | |
124 | 33:33 | Marine x4 | |
128 | 33:34 | Marine | |
106 | 34:17 | Marine x2 | |
100 | 35:12 | Viking | |
102 | 35:26 | Marine | |
73 | 36:00 | Marine x2 | |
70 | 36:20 | Marine | |
70 | 36:35 | Marine | |
60 | 37:26 | Marine x4 | |
60 | 37:27 | Marine x7 | |
60 | 37:28 | Siege Tank | |
60 | 37:29 | Siege Tank, Widow Mine x2 | |
74 | 37:42 | Marine x2 | |
74 | 37:44 | Marine | |
73 | 37:46 | Marine x2 | |
73 | 37:48 | Marine x3 | |
73 | 37:49 | Marine x5 | |
79 | 38:00 | Marine x2 | |
79 | 38:02 | Marine | |
79 | 38:04 | Marine x2 | |
84 | 38:06 | Marine x2 | |
86 | 38:13 | Marine x2 | |
86 | 38:14 | Marine | |
90 | 38:25 | Medivac | |
89 | 38:31 | Marine x3 | |
92 | 38:38 | Marine x2 | |
92 | 38:39 | Marine | |
83 | 39:09 | Marine x2 | |